 Dungeon Crawl Stone Soup version 0.27.0-1-g7a089689b8 (webtiles) character file.

Game seed: 8645612276475444396

117 Sin92 the Skirmisher (level 4, 0/60 HPs)
             Began as a Minotaur Fighter on Aug 11, 2021.
             Succumbed to a gnoll's poison
             ... on level 2 of the Dungeon.
             The game lasted 00:01:18 (1704 turns).

Sin92 the Skirmisher (Minotaur Fighter)             Turns: 1704, Time: 00:01:19

Health: 0/60       AC: 22    Str: 20    XL:     4   Next: 71%
Magic:  3/3        EV:  2    Int:  5    God:
Gold:   40         SH:  9    Dex: 11    Spells: 3/3 levels left

rFire    . . .     SeeInvis .   a - +0 trident
rCold    . . .     Faith    .   c - +0 kite shield
rNeg     + + +     Spirit   .   (armour currently unavailable)
rPois    +         Reflect  .   (helmet currently unavailable)
rElec    .         Harm     .   (cloak currently unavailable)
rCorr    .         Rampage  .   (gloves currently unavailable)
Will     .....     NoTele   +   (boots currently unavailable)
Stlth    +.........             (no amulet)
HPRegen  0.20/turn              (no ring)
MPRegen  0.08/turn              (no ring)

@: lethally poisoned (0 -> -12), tree-form
A: stationary, stasis, torment immunity, boosted hp, (horns 2), (retaliatory
headbutt), (deformed body), (electricity resistance)
a: no special abilities


You were on level 2 of the Dungeon.
You were a tree.
You visited 1 branch of the dungeon, and saw 2 of its levels.

You collected 40 gold pieces.

Inventory:

Hand Weapons
 a - a +0 trident (weapon)
Armour
 b - a +0 scale mail (melded)
 c - a +0 kite shield (worn)
Jewellery
 f - an amulet of magic regeneration
 i - a ring of wizardry
 k - an amulet of regeneration
Scrolls
 e - 2 scrolls of amnesia {unknown}
 j - a scroll of enchant weapon {unknown}
Potions
 d - a potion of might


   Skills:
 + Level 4.2 Fighting
 * Level 4.1 Polearms
 + Level 4.2 Armour
 + Level 1.6 Dodging
 + Level 4.2 Shields


You had 3 spell levels left.
You didn't know any spells.
Your spell library was empty.

Dungeon Overview and Level Annotations

Branches:
Dungeon (2/15)

Altars:


Innate Abilities, Weirdness & Mutations

You are a tree.
Your roots penetrate the ground, keeping you stationary.
You cannot be teleported.
You are immune to unholy pain and torment.
Your maximum health is greatly increased.
Your equipment is partially melded.
((You have a pair of horns on your head.))
((You reflexively headbutt those who attack you in melee.))
((Armour fits poorly on your strangely shaped body.))
((You are resistant to electric shocks. (rElec)))


Message History

You feel sick.
The gnoll hits you from afar with a +0 halberd.
You block the gnoll's attack. x2; The gnoll hits you but does no damage.
You are more poisoned.
Your Polearms skill increases to level 4!
You barely miss the gnoll.
You feel sick.
The gnoll hits you from afar with a +0 halberd!
* * * LOW HITPOINT WARNING * * *
You block the gnoll's attack.
The gnoll hits you from afar with a +1 spear of venom.
* * * LOW HITPOINT WARNING * * *
Unknown command.
You hit the gnoll.
The gnoll is heavily wounded.
* * * LOW HITPOINT WARNING * * *
You feel sick. The gnoll hits you but does no damage.
You block the gnoll's attack. The gnoll hits you but does no damage.
You hit the gnoll.
The gnoll is severely wounded.
You feel sick. You block the gnoll's attack. x3
The gnoll hits you but does no damage. x2
You puncture the gnoll!
You kill the gnoll!
You feel sick. The gnoll hits you but does no damage.
You are lethally poisoned!
The gnoll hits you but does no damage. You block the gnoll's attack.
Unknown command.
You cannot move.
You cannot move.
Unknown command.
You cannot move.
You cannot move.
You cannot move.
Unknown command.
Reach: a) +0 trident
Press: ? - help, Dir - move target, f/p - gnoll
Aim: a gnoll, wielding a +1 spear of venom (moderately wounded, about 37% to evade your +0 trident)
You reach to attack!
You hit the gnoll.
The gnoll is severely wounded.
You die...

#..).......'..♣
##'''''÷.#..'..♣
#.'''''.##.##≈.♣
..''_''.##.# ....
#.'''''.##.## ≈≈
#.'''''.....####
#.......##.###.###
#######..........#
####.###.#♣# #.#
#.#)# ..#
#..gg.....# #.##
#.........# #.
#.#.####.## #.
#.#.# # #. .....
.. #.# .#. .##


You could see 2 gnolls.

Vanquished Creatures
  An orc priest (D:2)
  2 gnolls (D:2)
  An adder (D:2)
  2 worms (D:2)
  4 dart slugs
  2 orcs (D:2)
  4 ball pythons
  2 endoplasms (D:1)
  2 giant cockroaches (D:1)
  5 goblins
  5 hobgoblins
  A quokka (D:1)
  4 bats (D:1)
  5 frilled lizards
  3 kobolds (D:2)
  4 rats
47 creatures vanquished.

Vanquished Creatures (others)
  A kobold (D:2)
1 creature vanquished.

Grand Total: 48 creatures vanquished

Notes
Turn   | Place    | Note
-------+----------+-------------------------------------------
     0 | D:1      | Sin92 the Minotaur Fighter began the quest for the Orb.
     0 | D:1      | Reached XP level 1. HP: 19/19 MP: 0/0
   167 | D:1      | Reached XP level 2. HP: 27/27 MP: 1/1
   770 | D:2      | Reached XP level 3. HP: 23/33 MP: 2/2
   774 | D:2      | Reached skill level 1 in Dodging
   939 | D:2      | Reached XP level 4. HP: 23/40 MP: 3/3
  1391 | D:2      | Found a faded altar of an unknown god.
  1696 | D:2      | Gained mutation: You are resistant to electric shocks.
                  | (rElec) [potion of mutation]
  1696 | D:2      | Gained mutation: Armour fits poorly on your strangely
                  | shaped body. [potion of mutation]
  1704 | D:2      | Succumbed to a gnoll's poison

Illustrated notes

Levels and vault maps discovered:
D:1:      giann_wishing_wells, layout_basic
D:2:      layout_loops_ring, hellmonk_ecumenical_altar_heavens_door,
          basic_altar, kennysheep_generic_room_7

Skill      XL: |  1  2  3  4 |
---------------+-------------+-----
Polearms       | 3 4 |  4.1
Fighting       | 4 |  4.2
Dodging        | 1 |  1.6
Armour         | 4 |  4.2
Shields        | 4 |  4.2

Action                   |  1- 3 |  4- 6 || total
-------------------------+-------+-------++-------
Melee: Trident           |    92 |    49 ||   141
       Headbutt          |     7 |     6 ||    13
  Use: Potion            |       |     2 ||     2
Armor: Scale mail        |    41 |     4 ||    45
       Skin              |       |    10 ||    10
Dodge: Dodged            |    24 |     9 ||    33
Block: Kite shield       |    38 |    30 ||    68
